Map: Terrasses de Prion

Players

Wolf

  • Race: Protoss Protoss
  • League: Gold

Rolls

  • Race: Protoss Protoss
  • League: Platinum

JeanBond

  • Race: Zerg Zerg
  • League: Platinum

Sydalw

  • Race: Zerg Zerg

VOD

Have the link to the VOD?

Description

Time

  • Played on: April 1, 2016, 4:48 p.m.
  • Length: 17:09
Show
View Real Time Build Order
Export as new Build Order

Wolf Protoss 

Build Orders:  

Get SALT Encoding   

  12  0:02  Probe (Chrono Boost)  
  13  0:12  Probe (Chrono Boost)  
  14  0:19  Pylon  
  14  0:23  Probe (Chrono Boost)  
  15  0:37  Probe (Chrono Boost)  
  16  0:47  Probe (Chrono Boost)  
  17  0:58  Probe (Chrono Boost)  
  18  1:06  Nexus  
  18  1:16  Gateway  
  18  1:18  Probe (Chrono Boost)  
  19  1:28  Probe (Chrono Boost)  
  19  1:30  Assimilator  
  20  1:35  Assimilator  
  20  1:39  Probe (Chrono Boost)  
  21  1:49  Probe (Chrono Boost), Pylon  
  22  2:05  Cybernetics Core  
  22  2:12  Probe (Chrono Boost)  
  23  2:22  Probe (Chrono Boost)  
  24  2:27  Probe (Chrono Boost), Zealot  
  25  2:34  Probe (Chrono Boost)  
  28  2:39  Gateway  
  30  2:44  Mothership Core (Chrono Boost)  
  30  2:47  Probe (Chrono Boost), Warp Gate  
  31  2:55  Adept  
  33  3:06  Stargate  
  33  3:09  Probe (Chrono Boost)  
  33  3:11  Probe (Chrono Boost)  
  35  3:18  Assimilator  
  36  3:20  Probe (Chrono Boost), Assimilator  
  36  3:23  Probe (Chrono Boost)  
  37  3:27  Gateway  
  37  3:31  Pylon  
  37  3:43  Pylon, Adept  
  39  4:00  Pylon  
  39  4:02  Oracle  
  40  4:22  Adept  
  40  4:33  Oracle  
  40  4:38  Gateway  
  43  4:40  Pylon  
  43  5:06  Pylon  
  41  5:08  Pylon  
  41  5:11  Pylon  
  41  5:16  Pylon  
  41  5:21  Pylon  
  41  5:34  Oracle  
  44  5:44  Sentry  
  44  5:56  Sentry  
  47  5:58  Probe (Chrono Boost)  
  47  6:10  Probe (Chrono Boost)  
  48  6:13  Sentry  
  50  6:28  Probe (Chrono Boost)  
  51  6:40  Adept  
  51  6:41  Adept  
  55  7:02  Nexus  
  55  7:05  Pylon  
  55  7:10  Pylon  
  55  7:29  Pylon  
  55  7:32  Pylon  
  55  7:33  Pylon  
  55  7:36  Pylon  
  55  7:50  Nexus  
  55  7:52  Pylon  
  55  7:53  Pylon  
  55  8:12  Gateway  
  55  8:15  Gateway  
  55  8:17  Gateway  
  55  8:19  Gateway  
  55  8:27  Adept x2  
  55  8:32  Probe (Chrono Boost)  
  60  8:42  Oracle  
  60  8:44  Probe (Chrono Boost)  
  60  8:47  Pylon  
  64  8:53  Pylon  
  65  8:56  Probe (Chrono Boost), Adept x2  
  65  8:58  Assimilator  
  65  9:00  Assimilator  
  69  9:20  Adept x3  
  69  9:21  Adept x3  
  81  9:30  Nexus  
  81  9:35  Probe (Chrono Boost)  
  81  9:36  Probe (Chrono Boost)  
  83  9:39  Pylon  
  83  9:41  Pylon  
  83  9:44  Pylon  
  81  9:45  Probe (Chrono Boost)  
  81  9:48  Probe (Chrono Boost)  
  81  9:51  Adept x2  
  81  9:52  Adept x3  
  92  9:55  Adept  
  94  10:00  Oracle  
  97  10:08  Probe (Chrono Boost)  
  97  10:10  Probe (Chrono Boost)  
  99  10:19  Probe (Chrono Boost)  
  101  10:22  Robotics Facility, Probe (Chrono Boost)  
  101  10:27  Adept  
  101  10:28  Adept x2  
  101  10:30  Sentry  
  101  10:31  Sentry  
  105  10:44  Twilight Council  
  105  10:47  Probe x2 (Chrono Boost)  
  105  10:48  Probe (Chrono Boost)  
  108  10:57  Probe (Chrono Boost)  
  108  10:58  Probe (Chrono Boost)  
  108  10:59  Adept x2  
  108  11:00  Probe (Chrono Boost)  
  115  11:08  Resonating Glaives  
  115  11:13  Assimilator  
  115  11:14  Observer  
  115  11:17  Assimilator  
  116  11:20  Probe (Chrono Boost)  
  116  11:21  Probe (Chrono Boost)  
  118  11:34  Immortal  
  118  11:35  Templar Archives  
  122  11:43  Adept x5  
  122  11:44  Adept  
  134  11:57  Gateway  
  134  11:58  Gateway  
  134  12:09  Forge, Adept x3  
  134  12:10  Adept x3  
  134  12:12  Immortal  
  149  12:42  High Templar x2  
  149  12:43  High Templar x4  
  161  12:45  Nexus  
  161  12:47  Protoss Ground Weapons Level 1  
  161  12:51  Psionic Storm  
  161  13:07  Pylon  
  161  13:09  Pylon  
  161  13:15  Adept x2  
  165  13:20  Pylon  
  165  13:21  Pylon  
  165  13:23  Pylon  
  165  13:25  Immortal  
  169  13:31  Forge  
  169  13:33  Pylon  
  169  13:35  Pylon  
  169  13:43  Photon Cannon  
  169  13:45  Photon Cannon  
  169  13:48  Photon Cannon  
  169  13:50  Photon Cannon  
  167  14:02  Observer  
  157  14:09  Stalker x2  
  154  14:10  Stalker x2  
  155  14:20  Observer  
  141  14:34  Protoss Ground Armor Level 1  
  141  14:37  Robotics Bay  
  82  14:39  Observer, Adept x3  
  87  14:47  High Templar x3  
  87  14:49  High Templar  
  87  14:51  Archon  
  95  14:53  Archon  
  95  14:58  Observer  
  95  14:59  Probe x2 (Chrono Boost)  
  98  15:09  High Templar  
  98  15:10  High Templar  
  102  15:14  Archon  
  102  15:21  Adept x4  
  103  15:22  Observer  
  88  15:31  Adept  
  84  15:41  Observer  
  80  15:58  Nexus  
  74  16:04  High Templar  
  74  16:05  High Templar  
  74  16:09  Archon  
  78  16:24  Adept x2  
  78  16:31  Disruptor  
  81  16:44  Adept  
  82  16:48  High Templar  
  82  16:51  High Templar  
  81  16:56  Archon  
Show
View Real Time Build Order
Export as new Build Order

Rolls Protoss 

Build Orders:  

Get SALT Encoding   

  12  0:03  Drone  
  13  0:12  Overlord  
  13  0:17  Drone  
  14  0:23  Extractor  
  14  0:24  Drone  
  15  0:31  Drone  
  15  0:35  Drone  
  17  0:53  Hatchery  
  17  0:56  Drone  
  17  1:01  Extractor  
  17  1:02  Drone  
  17  1:15  Spawning Pool  
  16  1:18  Drone  
  16  1:21  Drone  
  18  1:29  Drone  
  19  1:40  Overlord  
  19  2:11  Metabolic Boost  
  19  2:14  Queen  
  19  2:15  Queen  
  23  2:20  Zergling x2  
  23  2:21  Zergling x4  
  26  2:24  Drone  
  26  2:27  Zergling x2  
  26  2:28  Zergling x2  
  29  2:35  Zergling x2  
  30  2:37  Overlord  
  30  2:43  Zergling x2  
  31  2:49  Overlord  
  31  2:55  Zergling x2  
  32  3:00  Baneling Nest  
  32  3:02  Zergling x2  
  32  3:04  Zergling x2  
  33  3:11  Zergling x2  
  34  3:16  Zergling x2  
  35  3:20  Zergling x2  
  35  3:27  Zergling x12  
  37  3:30  Zergling x2  
  43  3:41  Zergling x4  
  43  3:48  Zergling x2  
  42  3:55  Zergling x6  
  40  4:00  Zergling x2  
  40  4:01  Zergling x6  
  41  4:10  Zergling x4  
  41  4:15  Zergling x4  
  43  4:29  Zergling x6  
  43  4:39  Baneling x4  
  43  4:40  Baneling x4  
  43  4:42  Zergling x10  
  43  4:43  Zergling x2  
  47  4:47  Spore Crawler  
  47  4:49  Spore Crawler  
  47  4:50  Overlord  
  38  5:10  Zergling x12  
  38  5:11  Zergling x2  
  39  5:22  Zergling x6  
  40  5:32  Baneling x3  
  40  5:33  Baneling  
  40  5:41  Zergling x2  
  40  5:42  Zergling x6  
  41  5:56  Drone x3  
  41  5:57  Drone x3  
  46  5:59  Drone  
  47  6:15  Drone x3  
  47  6:16  Drone  
  50  6:21  Extractor x2  
  50  6:25  Spore Crawler  
  47  6:28  Spore Crawler  
  41  6:41  Drone x7  
  41  6:46  Lair  
  48  6:57  Drone x2, Extractor  
  48  6:58  Drone x2  
  51  7:27  Overlord  
  51  7:28  Overlord  
  51  7:29  Drone x6  
  58  7:30  Drone x2  
  59  7:43  Hatchery  
  58  8:01  Hydralisk Den  
  57  8:08  Overlord  
  57  8:12  Overlord  
  57  8:13  Overlord  
  57  8:15  Evolution Chamber  
  57  8:19  Evolution Chamber  
  44  8:29  Hydralisk  
  44  8:30  Hydralisk x5  
  56  8:42  Zerg Ground Armor Level 1  
  56  8:44  Muscular Augments  
  56  8:47  Zerg Missile Weapons Level 1  
  56  8:54  Queen  
  58  8:59  Overseer  
  58  9:03  Hydralisk x2  
  62  9:12  Drone x2  
  62  9:16  Hydralisk x2  
  68  9:25  Hydralisk x2  
  72  9:34  Spore Crawler  
  71  9:39  Queen  
  71  9:44  Hydralisk x2  
  74  9:53  Hydralisk x2  
  78  10:11  Drone  
  78  10:12  Drone x6  
  85  10:17  Hydralisk x2  
  89  10:24  Queen  
  88  10:52  Hydralisk  
  88  10:53  Hydralisk x5  
  100  11:02  Spore Crawler  
  100  11:03  Spore Crawler  
  98  11:05  Hydralisk x2  
  100  11:21  Zergling x2  
  100  11:22  Zergling x8  
  100  11:24  Overlord x3  
  105  11:28  Lurker Den  
  105  11:42  Overlord x2  
  105  11:43  Hydralisk x3  
  111  11:51  Drone x3  
  114  11:57  Hydralisk x3  
  120  12:06  Hydralisk x2  
  120  12:07  Hydralisk  
  126  12:17  Hydralisk x3  
  126  12:19  Zergling x2  
  126  12:20  Zergling x2  
  134  12:31  Hydralisk x3  
  134  12:32  Zergling x4  
  134  12:33  Zergling x2  
  143  12:41  Hydralisk  
  143  12:43  Overlord x2  
  145  12:44  Overlord  
  145  12:51  Overlord x2  
  145  13:04  Lurker x2  
  145  13:05  Lurker x5  
  152  13:06  Overlord  
  152  13:07  Lurker x2  
  152  13:08  Lurker  
  155  13:15  Hydralisk x2  
  155  13:16  Hydralisk  
  161  13:39  Hydralisk x4, Extractor  
  168  13:41  Extractor  
  168  13:44  Hatchery  
  166  13:50  Overlord x2  
  166  13:51  Hydralisk  
  166  13:52  Hydralisk  
  158  14:13  Hydralisk x3  
  158  14:14  Zergling x4, Hydralisk  
  158  14:15  Zergling x2  
  169  14:31  Hydralisk x4  
  157  14:33  Zergling x2  
  157  14:34  Zergling x2  
  109  14:52  Extractor  
  105  14:56  Hydralisk  
  105  14:57  Extractor, Hydralisk x3  
  112  15:01  Lurker x3  
  115  15:08  Queen  
  100  15:33  Hydralisk x3  
  100  15:34  Hydralisk x3  
  103  15:49  Hydralisk x3  
  103  15:50  Hydralisk  
  102  16:01  Hydralisk x2  
  102  16:02  Hydralisk  
  106  16:14  Hydralisk x3  
  106  16:15  Hydralisk  
  111  16:28  Lurker, Hydralisk x2  
  111  16:29  Lurker  
  111  16:30  Lurker  
  111  16:32  Lurker  
  119  16:39  Drone x2  
  122  16:40  Drone x2  
  120  16:51  Overseer  
  121  16:54  Drone x4  
Show
View Real Time Build Order
Export as new Build Order

JeanBond Zerg 

Build Orders:  

Get SALT Encoding   

Show
View Real Time Build Order
Export as new Build Order

Sydalw Zerg 

Build Orders:  

Get SALT Encoding   

Tags
 
Add a new tag
Caveats
  • Supply blocks, unpowered buildings, or Contaminate may cause inaccurate times.
  • Supply counts are checked every 10 seconds.